Boston Bruins vs Pittsburgh Penguins

Created - vendredi 14 décembre 2018 at 19:00

Goals
1 2 3 T
Boston Bruins 0 3 1 4
Pittsburgh Penguins 1 3 2 6
Shots
1 2 3 T
Boston Bruins 8 13 11 32
Pittsburgh Penguins 12 12 8 32

1st period

1. Pittsburgh Penguins , Sidney Crosby 8 (Kris Letang 14) at 2:59

Penalties :
Greg McKegg (PIT) for Goalie Interference (Minor) at 3:56, Brad Marchand (BOS) for Hooking (Minor) at 9:35

2nd period

2. Pittsburgh Penguins , Jake Guentzel 5 (Kris Letang 15, Aaron Ekblad 6) at 3:11
3. Pittsburgh Penguins , Evgeni Malkin 9 (Patric Hornqvist 5, Brian Dumoulin 8) at 4:00
4. Boston Bruins , Joe Pavelski 12 (Will Butcher 4, Ryan O'Reilly 14) at 4:51 (PP)
5. Pittsburgh Penguins , Sidney Crosby 9 (Kris Letang 16, Dominik Simon 5) at 9:51
6. Boston Bruins , Joe Pavelski 13 (Ryan O'Reilly 15) at 11:05
7. Boston Bruins , Ryan O'Reilly 6 (Joe Pavelski 12) at 13:26

Penalties :
Jake Guentzel (PIT) for Hooking (Minor) at 0:03, Kris Letang (PIT) for Cross-checking (Minor) at 4:19

3rd period

8. Pittsburgh Penguins , Evgeni Malkin 10 (Zach Aston-Reese 1) at 6:56
9. Boston Bruins , Brad Marchand 11 (Ryan O'Reilly 16, Joe Pavelski 13) at 8:48
10. Pittsburgh Penguins , Zach Aston-Reese 3 (Sidney Crosby 18, Chad Ruhwedel 4) at 17:42 (PP)

Penalties :
Evgeni Malkin (PIT) for Hooking (Minor) at 1:38, Antoine Roussel (BOS) for Holding (Minor) at 17:03

Goalie Stats

Tuukka Rask (BOS), 13 saves from 17 shots - (0.765), 29:51 minutes
Aaron Dell (BOS), 13 saves from 15 shots - (0.867), L, 1-3-0, 30:09 minutes
Tristan Jarry (PIT), 28 saves from 32 shots - (0.875), W, 2-0-0, 60:00 minutes

Players Stats for Boston Bruins

Player Name              G  A  P  +/- PIM S  H  SB GA TA FO     MP     PP MP  PK MP  
------------------------------------------------------------------------------------
Antoine Roussel          0  0  0  -1  2   2  3  0  0  0  0/0     8:29   0:00   0:00 
Brad Marchand            1  0  1  -1  2   4  1  1  0  0  0/2    20:24   3:10   0:00 
Brandon Carlo            0  0  0   1  0   0  3  0  0  0  0/0    17:27   0:00   1:03 
Charlie McAvoy           0  0  0  -3  0   3  1  0  0  0  0/0    24:07   3:22   1:35 
David Pastrnak           0  0  0  -1  0   0  1  1  0  2  1/3    19:46   3:10   0:00 
Derek MacKenzie          0  0  0  -1  0   1  0  0  1  0  5/7     9:31   0:00   1:32 
Joe Pavelski             2  2  4   1  0   6  0  0  2  0  0/1    17:00   3:19   0:00 
Jonathan Marchessault    0  0  0   1  0   2  3  0  0  0  1/1    16:50   3:11   0:00 
Kevan Miller             0  0  0  -1  0   0  2  1  0  0  0/0    10:07   2:10   0:56 
Niklas Hjalmarsson       0  0  0  -2  0   0  1  3  0  1  0/0    22:56   0:57   1:42 
Riley Nash               0  0  0  -1  0   0  1  0  1  2  1/6    14:05   0:08   1:32 
Ryan Donato              0  0  0  -1  0   2  2  1  0  1  0/0    12:23   0:00   0:00 
Ryan O'Reilly            1  3  4   1  0   3  1  0  0  0  17/27  18:20   3:19   1:06 
Ryan Spooner             0  0  0  -1  0   1  0  0  2  0  0/0    12:23   0:00   0:00 
Tim Schaller             0  0  0  -1  0   1  2  0  0  1  0/0     9:19   0:00   1:06 
Torey Krug               0  0  0   0  0   0  1  2  0  0  0/0    22:47   3:22   0:00 
Tyler Seguin             0  0  0  -1  0   4  0  0  1  1  7/22   19:46   3:10   0:00 
Will Butcher             0  1  1   1  0   3  3  0  0  1  0/0    21:40   3:07   0:00 

Players Stats for Pittsburgh Penguins

Player Name              G  A  P  +/- PIM S  H  SB GA TA FO     MP     PP MP  PK MP  
------------------------------------------------------------------------------------
Aaron Ekblad             0  1  1  -1  0   1  0  0  1  1  0/0    19:03   0:54   0:00 
Barclay Goodrow          0  0  0   0  0   2  1  0  1  0  6/12   13:16   0:00   3:31 
Brian Dumoulin           0  1  1   2  0   1  2  1  0  3  0/0    19:23   0:00   3:19 
Chad Ruhwedel            0  1  1   0  0   0  1  0  0  1  0/0    19:28   1:44   3:10 
Conor Sheary             0  0  0   2  0   0  1  0  0  1  0/0    16:57   1:24   0:21 
Derrick Pouliot          0  0  0  -1  0   1  0  0  0  0  0/0    22:29   0:54   3:19 
Dominik Simon            0  1  1   2  0   1  1  0  1  1  0/0    17:56   1:14   1:36 
Evgeni Malkin            2  0  2   0  2   5  5  0  0  0  9/20   16:07   1:14   0:28 
Greg McKegg              0  0  0   0  2   0  1  1  0  0  0/0    12:03   0:00   2:01 
Jake Guentzel            1  0  1   0  2   5  2  0  1  0  3/8    14:01   0:00   1:58 
Josh Archibald           0  0  0   0  0   2  3  1  2  0  1/1    12:27   0:00   3:03 
Justin Schultz           0  0  0   3  0   0  1  4  0  0  0/0    18:03   0:00   0:00 
Kris Letang              0  3  3   1  2   2  0  1  0  0  0/0    21:33   1:44   3:10 
Patric Hornqvist         0  1  1   0  0   3  5  0  2  0  1/1    15:20   1:14   0:00 
Scott Wilson             0  0  0   0  0   1  1  0  0  0  0/1    11:57   0:00   0:00 
Sidney Crosby            2  1  3   2  0   6  1  0  0  0  17/26  16:16   1:24   0:00 
Tom Kuhnhackl            0  0  0   0  0   1  2  0  1  0  0/0    12:40   0:00   0:00 
Zach Aston-Reese         1  1  2   0  0   1  2  0  0  0  0/0    14:28   1:24   0:00 

3 Stars

1 - Sidney Crosby (PIT)
2 - Joe Pavelski (BOS)
3 - Ryan O'Reilly (BOS)

Power Play

Boston Bruins - 1 on 4 Attempt(s) - 25.00%
Pittsburgh Penguins - 1 on 2 Attempt(s) - 50.00%

Penalty Kill

Boston Bruins - 1 on 2 Attempt(s) - 50.00% - Score 0 goal in Penalty Kill
Pittsburgh Penguins - 3 on 4 Attempt(s) - 75.00% - Score 0 goal in Penalty Kill

Team Stat

Boston Bruins - Hits : 25 - Faceoff Wins : 32 - Blocked Shots : 9 - Penalty Minutes : 4
Pittsburgh Penguins - Hits : 29 - Faceoff Wins : 37 - Blocked Shots : 8 - Penalty Minutes : 8

Official

Referees : Dave Jackson and Chris Lee
Linesman : Scott Cherrey and Bryan Pancich

Game Notes

Kevan Miller is injured at 2:25 of 2nd period (Strained Right Knee)
Aaron Dell enters game at 9:51 of 2nd period

Finance

Level 1 -- Attendance: 9202 (92.02%) -- Ticket Income fr. 736'160
Level 2 -- Attendance: 1591 (79.55%) -- Ticket Income fr. 103'415
Level 3 -- Attendance: 2596 (74.17%) -- Ticket Income fr. 90'860
Level 4 -- Attendance: 1315 (90.69%) -- Ticket Income fr. 26'300
Luxury Box -- Attendance: 44 (88.00%) -- Ticket Income fr. 8'800
Game was played at the PPG Paints Arena.
Total Attendance: 14748 (86.75%)
Total Ticket Income: fr. 965'535
Total Income: fr. 965'535

Boston Bruins

5 vs 5 Forward 
   Center                   Left Wing                Right Wing               Time % Phy DF OF 
 1 Tyler Seguin             Brad Marchand            David Pastrnak           33     0   2  3  
 2 Ryan O'Reilly            Jonathan Marchessault    Joe Pavelski             31     0   2  3  
 3 Riley Nash               Ryan Donato              Ryan Spooner             23     1   2  2  
 4 Derek MacKenzie          Antoine Roussel          Tim Schaller             13     1   3  1  

5 vs 5 Defense 
   Defense                  Defense                                           Time % Phy DF OF 
 1 Charlie McAvoy           Kevan Miller                                      38     1   2  2  
 2 Torey Krug               Niklas Hjalmarsson                                37     1   2  2  
 3 Will Butcher             Brandon Carlo                                     25     1   2  2  
 4 Charlie McAvoy           Torey Krug                                        0      1   2  2  

PowerPlay Forward 
   Center                   Left Wing                Right Wing               Time % Phy DF OF 
 1 Tyler Seguin             Brad Marchand            David Pastrnak           50     1   1  3  
 2 Ryan O'Reilly            Jonathan Marchessault    Joe Pavelski             50     1   1  3  

PowerPlay Defense
   Defense                  Defense                                           Time % Phy DF OF 
 1 Charlie McAvoy           Torey Krug                                        60     1   1  3  
 2 Will Butcher             Kevan Miller                                      40     1   1  3  

Penalty Kill 4 Players Forward 
   Center                   Wing                     Time % Phy DF OF 
 1 Derek MacKenzie          Riley Nash               55     1   3  1  
 2 Ryan O'Reilly            Tim Schaller             45     1   3  1  

Penalty Kill 4 Players Defense
   Defense                  Defense                  Time % Phy DF OF 
 1 Kevan Miller             Charlie McAvoy           50     1   3  1  
 2 Niklas Hjalmarsson       Brandon Carlo            50     1   3  1  

Penalty Kill - 3 Players Forward 
   Forward                                           Time % Phy DF OF 
 1 Derek MacKenzie                                   50     1   4  0  
 2 Riley Nash                                        50     1   4  0  

Penalty Kill - 3 Players Defense
   Defense                  Defense                  Time % Phy DF OF 
 1 Kevan Miller             Brandon Carlo            50     1   2  2  
 2 Charlie McAvoy           Niklas Hjalmarsson       50     1   2  2  

4 vs 4 Forward 
   Center                   Wing                     Time % Phy DF OF 
 1 Tyler Seguin             Brad Marchand            50     1   1  3  
 2 Joe Pavelski             David Pastrnak           50     1   1  3  

4 vs 4 Defense
   Defense                  Defense                  Time % Phy DF OF 
 1 Charlie McAvoy           Torey Krug               50     1   2  2  
 2 Kevan Miller             Will Butcher             50     1   2  2  

Last Minutes Offensive
   Center                   Left Wing                Right Wing               Defense                  Defense                  
   Tyler Seguin             Brad Marchand            David Pastrnak           Charlie McAvoy           Torey Krug               

Last Minutes Defensive
   Center                   Left Wing                Right Wing               Defense                  Defense                  
   Ryan O'Reilly            Derek MacKenzie          Riley Nash               Kevan Miller             Niklas Hjalmarsson       

Goaltenders
Starting : Tuukka Rask              
Backup : Aaron Dell               

Extra Forwards
Normal : David Pastrnak, Ryan Spooner, Tyler Seguin - PP : Riley Nash, Ryan Spooner - PK : Antoine Roussel
Extra Defensemen
Normal : Will Butcher, Brandon Carlo, Kevan Miller - PP : Will Butcher - PK : Brandon Carlo, Kevan Miller
Penalty Shots
Riley Nash, Tyler Seguin, Ryan O'Reilly, Joe Pavelski, David Pastrnak
Custom OT Lines Forwards
Brad Marchand, Tyler Seguin, Ryan O'Reilly, Joe Pavelski, David Pastrnak, Jonathan Marchessault, Riley Nash, Ryan Spooner, Tim Schaller, Derek MacKenzie
Custom OT Lines Defensemen
Charlie McAvoy, Torey Krug, Kevan Miller, Niklas Hjalmarsson, Will Butcher

Scratches
Adam McQuaid (Healthy), Noel Acciari (Healthy), Austin Czarnik (Healthy)

Pittsburgh Penguins

5 vs 5 Forward 
   Center                   Left Wing                Right Wing               Time % Phy DF OF 
 1 Sidney Crosby            Dominik Simon            Conor Sheary             30     0   1  4  
 2 Evgeni Malkin            Zach Aston-Reese         Patric Hornqvist         30     0   1  4  
 3 Jake Guentzel            Scott Wilson             Tom Kuhnhackl            22     0   2  3  
 4 Barclay Goodrow          Greg McKegg              Josh Archibald           18     0   2  3  

5 vs 5 Defense 
   Defense                  Defense                                           Time % Phy DF OF 
 1 Kris Letang              Chad Ruhwedel                                     31     0   1  4  
 2 Justin Schultz           Brian Dumoulin                                    31     0   1  4  
 3 Derrick Pouliot          Aaron Ekblad                                      31     0   1  4  
 4 Kris Letang              Justin Schultz                                    7      0   2  3  

PowerPlay Forward 
   Center                   Left Wing                Right Wing               Time % Phy DF OF 
 1 Evgeni Malkin            Dominik Simon            Patric Hornqvist         50     0   0  5  
 2 Sidney Crosby            Zach Aston-Reese         Conor Sheary             50     0   0  5  

PowerPlay Defense
   Defense                  Defense                                           Time % Phy DF OF 
 1 Derrick Pouliot          Aaron Ekblad                                      50     0   0  5  
 2 Chad Ruhwedel            Kris Letang                                       50     0   0  5  

Penalty Kill 4 Players Forward 
   Center                   Wing                     Time % Phy DF OF 
 1 Barclay Goodrow          Josh Archibald           50     0   5  0  
 2 Jake Guentzel            Greg McKegg              50     0   5  0  

Penalty Kill 4 Players Defense
   Defense                  Defense                  Time % Phy DF OF 
 1 Kris Letang              Chad Ruhwedel            50     0   5  0  
 2 Derrick Pouliot          Brian Dumoulin           50     0   5  0  

Penalty Kill - 3 Players Forward 
   Forward                                           Time % Phy DF OF 
 1 Sidney Crosby                                     50     0   5  0  
 2 Evgeni Malkin                                     50     0   5  0  

Penalty Kill - 3 Players Defense
   Defense                  Defense                  Time % Phy DF OF 
 1 Kris Letang              Brian Dumoulin           50     0   5  0  
 2 Derrick Pouliot          Chad Ruhwedel            50     0   5  0  

4 vs 4 Forward 
   Center                   Wing                     Time % Phy DF OF 
 1 Sidney Crosby            Dominik Simon            50     0   2  3  
 2 Evgeni Malkin            Conor Sheary             50     0   2  3  

4 vs 4 Defense
   Defense                  Defense                  Time % Phy DF OF 
 1 Brian Dumoulin           Chad Ruhwedel            50     0   3  2  
 2 Aaron Ekblad             Derrick Pouliot          50     0   3  2  

Last Minutes Offensive
   Center                   Left Wing                Right Wing               Defense                  Defense                  
   Evgeni Malkin            Zach Aston-Reese         Jake Guentzel            Brian Dumoulin           Chad Ruhwedel            

Last Minutes Defensive
   Center                   Left Wing                Right Wing               Defense                  Defense                  
   Sidney Crosby            Dominik Simon            Josh Archibald           Derrick Pouliot          Aaron Ekblad             

Goaltenders
Starting : Tristan Jarry            
Backup : Matt Murray              

Extra Forwards
Normal : Sidney Crosby, Evgeni Malkin, Tom Kuhnhackl - PP : Jake Guentzel, Josh Archibald - PK : Dominik Simon
Extra Defensemen
Normal : Kris Letang, Chad Ruhwedel, Brian Dumoulin - PP : Derrick Pouliot - PK : Aaron Ekblad, Justin Schultz
Penalty Shots
Sidney Crosby, Evgeni Malkin, Jake Guentzel, Kris Letang, Tom Kuhnhackl
Custom OT Lines Forwards
Sidney Crosby, Evgeni Malkin, Conor Sheary, Jake Guentzel, Greg McKegg, Zach Aston-Reese, Barclay Goodrow, Josh Archibald, Tom Kuhnhackl, Dominik Simon
Custom OT Lines Defensemen
Kris Letang, Chad Ruhwedel, Aaron Ekblad, Brian Dumoulin, Derrick Pouliot

Scratches
Blake Comeau (Healthy), Bryan Rust (Healthy), Carl Hagelin (Healthy)

% Time on Ice - Boston Bruins

Lines # - Real PCT - Wanted PCT - Time Play
Normal Forward
1 - 33% - 33% - 16:36
2 - 27% - 31% - 13:55
3 - 24% - 23% - 12:23
4 - 16% - 13% - 7:59
Normal Defense
1 - 44% - 38% - 22:17
2 - 35% - 37% - 17:42
3 - 21% - 25% - 10:32
4 - 1% - 0% - 0:22
PP Forward
1 - 49% - 50% - 3:10
2 - 51% - 50% - 3:19
PP Defense
1 - 52% - 60% - 3:22
2 - 48% - 40% - 3:07
PK Forward
1 - 58% - 55% - 1:32
2 - 42% - 45% - 1:06
PK Defense
1 - 60% - 50% - 1:35
2 - 40% - 50% - 1:03
PK3 Forward
1 - 0% - 50%
2 - 0% - 50%
PK3 Defense
1 - 0% - 50%
2 - 0% - 50%
44 Forward
1 - 0% - 50%
2 - 0% - 50%
44 Defense
1 - 0% - 50%
2 - 0% - 50%
Last Minute Offensive  - 0:00
Last Minute Defensive  - 0:00
Total
Forward - 60:00
Defense - 60:00

% Time on Ice - Pittsburgh Penguins

Lines # - Real PCT - Wanted PCT - Time Play
Normal Forward
1 - 31% - 30% - 15:43
2 - 27% - 30% - 13:49
3 - 23% - 22% - 11:57
4 - 18% - 18% - 9:24
Normal Defense
1 - 31% - 31% - 15:45
2 - 32% - 31% - 16:04
3 - 33% - 31% - 16:58
4 - 4% - 7% - 2:06
PP Forward
1 - 47% - 50% - 1:14
2 - 53% - 50% - 1:24
PP Defense
1 - 34% - 50% - 0:54
2 - 66% - 50% - 1:44
PK Forward
1 - 50% - 50% - 3:14
2 - 50% - 50% - 3:15
PK Defense
1 - 49% - 50% - 3:10
2 - 51% - 50% - 3:19
PK3 Forward
1 - 0% - 50%
2 - 0% - 50%
PK3 Defense
1 - 0% - 50%
2 - 0% - 50%
44 Forward
1 - 0% - 50%
2 - 0% - 50%
44 Defense
1 - 0% - 50%
2 - 0% - 50%
Last Minute Offensive  - 0:00
Last Minute Defensive  - 0:00
Total
Forward - 60:00
Defense - 60:00

Play-by-Play

1st period


0:01 of 1st period - Sidney Crosby wins face-off versus Tyler Seguin in neutral zone.
0:23 of 1st period - Icing by Kris Letang.
0:24 of 1st period - Evgeni Malkin wins face-off versus Ryan O'Reilly in Pittsburgh Penguins zone.
0:39 of 1st period - Niklas Hjalmarsson is hit by Patric Hornqvist and loses puck.
1:02 of 1st period - Torey Krug is hit by Tom Kuhnhackl and loses puck.
1:19 of 1st period - Snap shot by Antoine Roussel.
1:19 of 1st period - Stopped by Tristan Jarry without a rebound.
1:20 of 1st period - Sidney Crosby wins face-off versus Derek MacKenzie in Pittsburgh Penguins zone.
1:20 of 1st period - Aaron Ekblad is hit by Tim Schaller and loses puck.
1:35 of 1st period - Snap shot by Derek MacKenzie.
1:35 of 1st period - Shot Misses the Net.
2:37 of 1st period - Snap shot by Sidney Crosby.
2:37 of 1st period - Shot Hit the Post.
2:55 of 1st period - Snap shot by Sidney Crosby.
2:55 of 1st period - Stopped by Tuukka Rask with a rebound.
2:57 of 1st period - Snap shot by Kris Letang.
2:57 of 1st period - Deflect By Derek MacKenzie.
2:57 of 1st period - Stopped by Tuukka Rask with a rebound.
2:59 of 1st period - Snap shot by Sidney Crosby.
2:59 of 1st period - Goal by Sidney Crosby - Boston Bruins : 0 - Pittsburgh Penguins : 1.
3:00 of 1st period - Tyler Seguin wins face-off versus Evgeni Malkin in neutral zone.
3:15 of 1st period - Snap shot by Patric Hornqvist.
3:15 of 1st period - Shot Misses the Net.
3:48 of 1st period - Brian Dumoulin is hit by Ryan Donato and loses puck.
3:56 of 1st period - Minor Penalty to Greg McKegg for Goalie Interference.
3:57 of 1st period - Barclay Goodrow wins face-off versus Tyler Seguin in Pittsburgh Penguins zone.
4:37 of 1st period - Brian Dumoulin is hit by David Pastrnak and loses puck.
4:57 of 1st period - Icing by Brad Marchand.
4:58 of 1st period - Ryan O'Reilly wins face-off versus Jake Guentzel in Boston Bruins zone.
5:56 of 1st period - Penalty to Greg McKegg is over, Greg McKegg is back on ice.
6:11 of 1st period - Icing by Kris Letang.
6:12 of 1st period - Evgeni Malkin wins face-off versus Tyler Seguin in Pittsburgh Penguins zone.
6:19 of 1st period - Slapshot by Kris Letang.
6:19 of 1st period - Stopped by Tuukka Rask without a rebound.
6:20 of 1st period - Tyler Seguin wins face-off versus Jake Guentzel in Boston Bruins zone.
6:20 of 1st period - Tyler Seguin is hit by Jake Guentzel.
6:46 of 1st period - Tyler Seguin is hit by Patric Hornqvist and loses puck.
6:59 of 1st period - Snap shot by Tyler Seguin.
6:59 of 1st period - Shot Misses the Net.
7:01 of 1st period - Wrist shot by David Pastrnak.
7:01 of 1st period - Shot Misses the Net.
7:03 of 1st period - Slapshot by Niklas Hjalmarsson.
7:03 of 1st period - Shot Misses the Net.
7:05 of 1st period - Wrist shot by Tyler Seguin.
7:05 of 1st period - Stopped by Tristan Jarry without a rebound.
7:06 of 1st period - Ryan O'Reilly wins face-off versus Barclay Goodrow in Pittsburgh Penguins zone.
7:17 of 1st period - Ryan O'Reilly is hit by Josh Archibald and loses puck.
7:32 of 1st period - Jake Guentzel is hit by Ryan Donato and loses puck.
7:47 of 1st period - Kevan Miller is hit by Evgeni Malkin and loses puck.
8:14 of 1st period - Wrist shot by Derek MacKenzie.
8:14 of 1st period - Stopped by Tristan Jarry without a rebound.
8:15 of 1st period - Ryan O'Reilly wins face-off versus Barclay Goodrow in Pittsburgh Penguins zone.
8:31 of 1st period - Will Butcher is hit by Josh Archibald and loses puck.
8:54 of 1st period - Snap shot by Barclay Goodrow.
8:54 of 1st period - Stopped by Tuukka Rask with a rebound.
8:56 of 1st period - Slapshot by Josh Archibald.
8:56 of 1st period - Stopped by Tuukka Rask with a rebound.
9:04 of 1st period - Snap shot by Barclay Goodrow.
9:04 of 1st period - Shot Misses the Net.
9:06 of 1st period - Slapshot by Greg McKegg.
9:06 of 1st period - Shot Misses the Net.
9:10 of 1st period - Wrist shot by Barclay Goodrow.
9:10 of 1st period - Shot Misses the Net.
9:14 of 1st period - Snap shot by Barclay Goodrow.
9:14 of 1st period - Stopped by Tuukka Rask with a rebound.
9:16 of 1st period - Slapshot by Brian Dumoulin.
9:16 of 1st period - Shot Blocked by Niklas Hjalmarsson.
9:18 of 1st period - Snap shot by Barclay Goodrow.
9:18 of 1st period - Shot Misses the Net.
9:35 of 1st period - Minor Penalty to Brad Marchand for Hooking.
9:36 of 1st period - Derek MacKenzie wins face-off versus Evgeni Malkin in Boston Bruins zone.
9:36 of 1st period - Derek MacKenzie is hit by Evgeni Malkin.
10:58 of 1st period - Derek MacKenzie is hit by Zach Aston-Reese and loses puck.
11:06 of 1st period - Icing by Sidney Crosby.
11:07 of 1st period - Sidney Crosby wins face-off versus Ryan O'Reilly in Pittsburgh Penguins zone.
11:35 of 1st period - Penalty to Brad Marchand is over, Brad Marchand is back on ice.
12:44 of 1st period - Dominik Simon is hit by Kevan Miller and loses puck.
13:09 of 1st period - Kevan Miller is hit by Evgeni Malkin and loses puck.
13:19 of 1st period - Icing by Justin Schultz.
13:20 of 1st period - Ryan O'Reilly wins face-off versus Evgeni Malkin in Pittsburgh Penguins zone.
13:56 of 1st period - Justin Schultz is hit by Brandon Carlo and loses puck.
14:50 of 1st period - Tim Schaller is hit by Dominik Simon and loses puck.
14:55 of 1st period - Slapshot by Sidney Crosby.
14:55 of 1st period - Shot Misses the Net.
15:09 of 1st period - Snap shot by Joe Pavelski.
15:09 of 1st period - Shot Misses the Net.
15:13 of 1st period - Wrist shot by Joe Pavelski.
15:13 of 1st period - Shot Misses the Net.
15:17 of 1st period - Snap shot by Joe Pavelski.
15:17 of 1st period - Shot Misses the Net.
15:31 of 1st period - Snap shot by Tyler Seguin.
15:31 of 1st period - Stopped by Tristan Jarry with a rebound.
15:41 of 1st period - Snap shot by Patric Hornqvist.
15:41 of 1st period - Stopped by Tuukka Rask without a rebound.
15:42 of 1st period - Sidney Crosby wins face-off versus Ryan O'Reilly in Boston Bruins zone.
16:27 of 1st period - Slapshot by Kris Letang.
16:27 of 1st period - Shot Blocked by David Pastrnak.
16:38 of 1st period - Torey Krug is hit by Greg McKegg and loses puck.
16:55 of 1st period - Sidney Crosby is hit by Antoine Roussel and loses puck.
17:14 of 1st period - Wrist shot by Ryan O'Reilly.
17:14 of 1st period - Stopped by Tristan Jarry without a rebound.
17:15 of 1st period - Evgeni Malkin wins face-off versus Ryan O'Reilly in Pittsburgh Penguins zone.
17:15 of 1st period - Evgeni Malkin is hit by Kevan Miller.
17:24 of 1st period - Off-side.
17:25 of 1st period - Evgeni Malkin wins face-off versus Joe Pavelski in neutral zone.
18:05 of 1st period - Icing by Patric Hornqvist.
18:06 of 1st period - Sidney Crosby wins face-off versus David Pastrnak in Pittsburgh Penguins zone.
18:16 of 1st period - Snap shot by Tyler Seguin.
18:16 of 1st period - Stopped by Tristan Jarry without a rebound.
18:17 of 1st period - Ryan O'Reilly wins face-off versus Sidney Crosby in Pittsburgh Penguins zone.
18:18 of 1st period - Wrist shot by Joe Pavelski.
18:18 of 1st period - Stopped by Tristan Jarry without a rebound.
18:19 of 1st period - Sidney Crosby wins face-off versus Ryan O'Reilly in Pittsburgh Penguins zone.
18:44 of 1st period - Conor Sheary is hit by Charlie McAvoy and loses puck.
19:05 of 1st period - Snap shot by Dominik Simon.
19:05 of 1st period - Stopped by Tuukka Rask with a rebound.
19:07 of 1st period - Snap shot by Sidney Crosby.
19:07 of 1st period - Shot Blocked by Kevan Miller.
19:11 of 1st period - Snap shot by Sidney Crosby.
19:11 of 1st period - Shot Misses the Net.
19:13 of 1st period - Slapshot by Dominik Simon.
19:13 of 1st period - Shot Misses the Net.
19:15 of 1st period - Slapshot by Sidney Crosby.
19:15 of 1st period - Stopped by Tuukka Rask without a rebound.
19:16 of 1st period - Ryan O'Reilly wins face-off versus Jake Guentzel in Boston Bruins zone.
19:21 of 1st period - Wrist shot by Jake Guentzel.
19:21 of 1st period - Stopped by Tuukka Rask with a rebound.
19:23 of 1st period - Snap shot by Jake Guentzel.
19:23 of 1st period - Stopped by Tuukka Rask without a rebound.
19:24 of 1st period - Ryan O'Reilly wins face-off versus Scott Wilson in Boston Bruins zone.
19:26 of 1st period - Icing by Joe Pavelski.
19:27 of 1st period - Ryan O'Reilly wins face-off versus Evgeni Malkin in Boston Bruins zone.
19:50 of 1st period - Wrist shot by Ryan O'Reilly.
19:50 of 1st period - Stopped by Tristan Jarry with a rebound.
Goals for this period are 0 for Boston Bruins vs 1 for Pittsburgh Penguins.
Shots for this period are 8 for Boston Bruins vs 12 for Pittsburgh Penguins.

2nd period


0:01 of 2nd period - Jake Guentzel wins face-off versus Tyler Seguin in neutral zone.
0:03 of 2nd period - Minor Penalty to Jake Guentzel for Hooking.
0:04 of 2nd period - David Pastrnak wins face-off versus Barclay Goodrow in Pittsburgh Penguins zone.
0:34 of 2nd period - Slapshot by Joe Pavelski.
0:34 of 2nd period - Stopped by Tristan Jarry with a rebound.
0:36 of 2nd period - Wrist shot by Kevan Miller.
0:36 of 2nd period - Deflect By Jonathan Marchessault.
0:36 of 2nd period - Stopped by Tristan Jarry without a rebound.
0:37 of 2nd period - Josh Archibald wins face-off versus Ryan O'Reilly in Pittsburgh Penguins zone.
1:10 of 2nd period - Backhand shot by Joe Pavelski.
1:10 of 2nd period - Shot Misses the Net.
1:12 of 2nd period - Slapshot by Kevan Miller.
1:12 of 2nd period - Deflect By Jonathan Marchessault.
1:12 of 2nd period - Shot Misses the Net.
1:12 of 2nd period - Puck is out of play.
1:13 of 2nd period - Tyler Seguin wins face-off versus Barclay Goodrow in Pittsburgh Penguins zone.
2:03 of 2nd period - Penalty to Jake Guentzel is over, Jake Guentzel is back on ice.
2:24 of 2nd period - Kevan Miller is hit by Scott Wilson and loses puck.
2:25 of 2nd period - Kevan Miller from Boston Bruins is injured at 2:25 of 2nd period (Strained Right Knee).
2:26 of 2nd period - Evgeni Malkin wins face-off versus Tyler Seguin in Boston Bruins zone.
2:38 of 2nd period - Off-side.
2:39 of 2nd period - Sidney Crosby wins face-off versus Tyler Seguin in neutral zone.
3:11 of 2nd period - Snap shot by Jake Guentzel.
3:11 of 2nd period - Goal by Jake Guentzel - Boston Bruins : 0 - Pittsburgh Penguins : 2.
3:12 of 2nd period - Ryan O'Reilly wins face-off versus Evgeni Malkin in neutral zone.
3:17 of 2nd period - Snap shot by Joe Pavelski.
3:17 of 2nd period - Shot Blocked by Justin Schultz.
3:19 of 2nd period - Snap shot by Jonathan Marchessault.
3:19 of 2nd period - Shot Blocked by Brian Dumoulin.
3:21 of 2nd period - Wrist shot by Joe Pavelski.
3:21 of 2nd period - Stopped by Tristan Jarry with a rebound.
3:23 of 2nd period - Snap shot by Will Butcher.
3:23 of 2nd period - Shot Misses the Net.
3:25 of 2nd period - Snap shot by Joe Pavelski.
3:25 of 2nd period - Shot Blocked by Justin Schultz.
3:27 of 2nd period - Slapshot by Brandon Carlo.
3:27 of 2nd period - Shot Blocked by Justin Schultz.
3:37 of 2nd period - Brian Dumoulin is hit by Brandon Carlo and loses puck.
4:00 of 2nd period - Snap shot by Evgeni Malkin.
4:00 of 2nd period - Goal by Evgeni Malkin - Boston Bruins : 0 - Pittsburgh Penguins : 3.
4:01 of 2nd period - Ryan O'Reilly wins face-off versus Sidney Crosby in neutral zone.
4:01 of 2nd period - Ryan O'Reilly is hit by Conor Sheary.
4:17 of 2nd period - Snap shot by Joe Pavelski.
4:17 of 2nd period - Shot Blocked by Kris Letang.
4:19 of 2nd period - Minor Penalty to Kris Letang for Cross-checking.
4:20 of 2nd period - Tyler Seguin wins face-off versus Barclay Goodrow in Pittsburgh Penguins zone.
4:45 of 2nd period - Slapshot by Jonathan Marchessault.
4:45 of 2nd period - Stopped by Tristan Jarry with a rebound.
4:47 of 2nd period - Wrist shot by Ryan O'Reilly.
4:47 of 2nd period - Shot Blocked by Josh Archibald.
4:49 of 2nd period - Slapshot by Will Butcher.
4:49 of 2nd period - Stopped by Tristan Jarry with a rebound.
4:51 of 2nd period - Slapshot by Joe Pavelski.
4:51 of 2nd period - Goal by Joe Pavelski - Boston Bruins : 1 - Pittsburgh Penguins : 3.
4:52 of 2nd period - Jake Guentzel wins face-off versus Tyler Seguin in neutral zone.
5:04 of 2nd period - Icing by David Pastrnak.
5:05 of 2nd period - Sidney Crosby wins face-off versus Tyler Seguin in Boston Bruins zone.
5:06 of 2nd period - Slapshot by Kris Letang.
5:06 of 2nd period - Deflect By Sidney Crosby.
5:06 of 2nd period - Shot Misses the Net.
5:06 of 2nd period - Puck is out of play.
5:07 of 2nd period - Sidney Crosby wins face-off versus Ryan O'Reilly in Boston Bruins zone.
5:07 of 2nd period - Sidney Crosby is hit by Brandon Carlo.
5:35 of 2nd period - Snap shot by Patric Hornqvist.
5:35 of 2nd period - Stopped by Tuukka Rask with a rebound.
7:58 of 2nd period - Wrist shot by Brad Marchand.
7:58 of 2nd period - Shot Misses the Net.
8:00 of 2nd period - Snap shot by Charlie McAvoy.
8:00 of 2nd period - Deflect By Kris Letang.
8:00 of 2nd period - Stopped by Tristan Jarry with a rebound.
8:02 of 2nd period - Slapshot by Will Butcher.
8:02 of 2nd period - Deflect By Derek MacKenzie.
8:02 of 2nd period - Shot Misses the Net.
8:02 of 2nd period - Puck is out of play.
8:03 of 2nd period - Derek MacKenzie wins face-off versus Evgeni Malkin in Pittsburgh Penguins zone.
8:06 of 2nd period - Snap shot by Antoine Roussel.
8:06 of 2nd period - Stopped by Tristan Jarry with a rebound.
8:28 of 2nd period - Charlie McAvoy is hit by Sidney Crosby and loses puck.
9:18 of 2nd period - Brian Dumoulin is hit by Brad Marchand and loses puck.
9:39 of 2nd period - Wrist shot by Evgeni Malkin.
9:39 of 2nd period - Stopped by Tuukka Rask without a rebound.
9:40 of 2nd period - Sidney Crosby wins face-off versus Ryan O'Reilly in Boston Bruins zone.
9:47 of 2nd period - Slapshot by Sidney Crosby.
9:47 of 2nd period - Shot Blocked by Niklas Hjalmarsson.
9:49 of 2nd period - Snap shot by Kris Letang.
9:49 of 2nd period - Shot Blocked by Niklas Hjalmarsson.
9:51 of 2nd period - Snap shot by Sidney Crosby.
9:51 of 2nd period - Goal by Sidney Crosby - Boston Bruins : 1 - Pittsburgh Penguins : 4.
9:51 of 2nd period - Aaron Dell enters game.
9:52 of 2nd period - Evgeni Malkin wins face-off versus Brad Marchand in neutral zone.
10:28 of 2nd period - Snap shot by Aaron Ekblad.
10:28 of 2nd period - Deflect By Joe Pavelski.
10:28 of 2nd period - Stopped by Aaron Dell without a rebound.
10:29 of 2nd period - Tyler Seguin wins face-off versus Sidney Crosby in Boston Bruins zone.
10:29 of 2nd period - Brad Marchand is hit by Chad Ruhwedel and loses puck.
10:56 of 2nd period - Tom Kuhnhackl is hit by Jonathan Marchessault and loses puck.
11:05 of 2nd period - Snap shot by Joe Pavelski.
11:05 of 2nd period - Goal by Joe Pavelski - Boston Bruins : 2 - Pittsburgh Penguins : 4.
11:06 of 2nd period - Evgeni Malkin wins face-off versus Tyler Seguin in neutral zone.
11:32 of 2nd period - Brian Dumoulin is hit by Will Butcher and loses puck.
13:01 of 2nd period - Off-side.
13:02 of 2nd period - Jonathan Marchessault wins face-off versus Barclay Goodrow in neutral zone.
13:02 of 2nd period - Ryan O'Reilly is hit by Josh Archibald and loses puck.
13:07 of 2nd period - Slapshot by Will Butcher.
13:07 of 2nd period - Deflect By Kris Letang.
13:07 of 2nd period - Stopped by Tristan Jarry without a rebound.
13:08 of 2nd period - Ryan O'Reilly wins face-off versus Evgeni Malkin in Pittsburgh Penguins zone.
13:11 of 2nd period - Snap shot by Joe Pavelski.
13:11 of 2nd period - Stopped by Tristan Jarry without a rebound.
13:12 of 2nd period - Evgeni Malkin wins face-off versus Ryan O'Reilly in Pittsburgh Penguins zone.
13:16 of 2nd period - Off-side.
13:17 of 2nd period - Ryan O'Reilly wins face-off versus Evgeni Malkin in neutral zone.
13:26 of 2nd period - Wrist shot by Ryan O'Reilly.
13:26 of 2nd period - Goal by Ryan O'Reilly - Boston Bruins : 3 - Pittsburgh Penguins : 4.
13:27 of 2nd period - Sidney Crosby wins face-off versus Riley Nash in neutral zone.
13:30 of 2nd period - Slapshot by Aaron Ekblad.
13:30 of 2nd period - Shot Misses the Net.
14:22 of 2nd period - Slapshot by Brad Marchand.
14:22 of 2nd period - Shot Misses the Net.
14:38 of 2nd period - Snap shot by Patric Hornqvist.
14:38 of 2nd period - Shot Misses the Net.
14:40 of 2nd period - Slapshot by Brian Dumoulin.
14:40 of 2nd period - Deflect By Evgeni Malkin.
14:40 of 2nd period - Stopped by Aaron Dell without a rebound.
14:41 of 2nd period - Derek MacKenzie wins face-off versus Sidney Crosby in Boston Bruins zone.
15:54 of 2nd period - Off-side.
15:55 of 2nd period - Ryan O'Reilly wins face-off versus Jake Guentzel in neutral zone.
15:58 of 2nd period - Snap shot by Joe Pavelski.
15:58 of 2nd period - Shot Misses the Net.
16:06 of 2nd period - Slapshot by Joe Pavelski.
16:06 of 2nd period - Shot Misses the Net.
16:08 of 2nd period - Snap shot by Torey Krug.
16:08 of 2nd period - Deflect By Jonathan Marchessault.
16:08 of 2nd period - Shot Misses the Net.
16:08 of 2nd period - Puck is out of play.
16:09 of 2nd period - Sidney Crosby wins face-off versus Brad Marchand in Pittsburgh Penguins zone.
16:57 of 2nd period - Torey Krug is hit by Brian Dumoulin and loses puck.
17:22 of 2nd period - Will Butcher is hit by Jake Guentzel and loses puck.
17:33 of 2nd period - Slapshot by Derrick Pouliot.
17:33 of 2nd period - Stopped by Aaron Dell with a rebound.
17:35 of 2nd period - Wrist shot by Scott Wilson.
17:35 of 2nd period - Stopped by Aaron Dell with a rebound.
17:55 of 2nd period - Wrist shot by Riley Nash.
17:55 of 2nd period - Shot Misses the Net.
18:01 of 2nd period - Brian Dumoulin is hit by Will Butcher.
18:09 of 2nd period - Slapshot by Jake Guentzel.
18:09 of 2nd period - Stopped by Aaron Dell with a rebound.
18:29 of 2nd period - Snap shot by Jake Guentzel.
18:29 of 2nd period - Shot Misses the Net.
18:31 of 2nd period - Slapshot by Justin Schultz.
18:31 of 2nd period - Shot Misses the Net.
18:33 of 2nd period - Slapshot by Jake Guentzel.
18:33 of 2nd period - Shot Blocked by Ryan Donato.
18:35 of 2nd period - Snap shot by Tom Kuhnhackl.
18:35 of 2nd period - Shot Misses the Net.
18:37 of 2nd period - Slapshot by Brian Dumoulin.
18:37 of 2nd period - Stopped by Aaron Dell without a rebound.
18:38 of 2nd period - Sidney Crosby wins face-off versus David Pastrnak in Boston Bruins zone.
18:41 of 2nd period - Wrist shot by Sidney Crosby.
18:41 of 2nd period - Stopped by Aaron Dell without a rebound.
18:42 of 2nd period - Sidney Crosby wins face-off versus Tyler Seguin in Boston Bruins zone.
18:57 of 2nd period - Snap shot by Dominik Simon.
18:57 of 2nd period - Shot Blocked by Brad Marchand.
19:18 of 2nd period - Joe Pavelski is hit by Evgeni Malkin and loses puck.
19:29 of 2nd period - Wrist shot by Jonathan Marchessault.
19:29 of 2nd period - Shot Misses the Net.
19:31 of 2nd period - Slapshot by Charlie McAvoy.
19:31 of 2nd period - Stopped by Tristan Jarry without a rebound.
19:32 of 2nd period - Barclay Goodrow wins face-off versus Derek MacKenzie in Pittsburgh Penguins zone.
19:32 of 2nd period - Barclay Goodrow is hit by Tim Schaller.
19:59 of 2nd period - Greg McKegg is hit by Antoine Roussel and loses puck.
Goals for this period are 3 for Boston Bruins vs 3 for Pittsburgh Penguins.
Shots for this period are 13 for Boston Bruins vs 12 for Pittsburgh Penguins.

3rd period


0:01 of 3rd period - Sidney Crosby wins face-off versus Tyler Seguin in neutral zone.
0:03 of 3rd period - Off-side.
0:04 of 3rd period - Tyler Seguin wins face-off versus Sidney Crosby in neutral zone.
0:33 of 3rd period - Torey Krug is hit by Patric Hornqvist and loses puck.
0:48 of 3rd period - Slapshot by Josh Archibald.
0:48 of 3rd period - Stopped by Aaron Dell without a rebound.
0:49 of 3rd period - Barclay Goodrow wins face-off versus Riley Nash in Boston Bruins zone.
0:58 of 3rd period - Slapshot by Barclay Goodrow.
0:58 of 3rd period - Shot Misses the Net.
1:04 of 3rd period - Slapshot by Ryan Spooner.
1:04 of 3rd period - Shot Misses the Net.
1:33 of 3rd period - Chad Ruhwedel is hit by Jonathan Marchessault.
1:38 of 3rd period - Minor Penalty to Evgeni Malkin for Hooking.
1:39 of 3rd period - Barclay Goodrow wins face-off versus Tyler Seguin in Pittsburgh Penguins zone.
2:29 of 3rd period - Wrist shot by Brad Marchand.
2:29 of 3rd period - Stopped by Tristan Jarry with a rebound.
2:53 of 3rd period - Niklas Hjalmarsson is hit by Barclay Goodrow.
3:38 of 3rd period - Penalty to Evgeni Malkin is over, Evgeni Malkin is back on ice.
3:44 of 3rd period - Wrist shot by Jake Guentzel.
3:44 of 3rd period - Deflect By Derek MacKenzie.
3:44 of 3rd period - Shot Blocked by Torey Krug.
3:44 of 3rd period - Puck is out of play.
3:45 of 3rd period - Derek MacKenzie wins face-off versus Evgeni Malkin in Boston Bruins zone.
3:45 of 3rd period - Derek MacKenzie is hit by Patric Hornqvist.
3:51 of 3rd period - Snap shot by Evgeni Malkin.
3:51 of 3rd period - Stopped by Aaron Dell with a rebound.
3:53 of 3rd period - Slapshot by Patric Hornqvist.
3:53 of 3rd period - Stopped by Aaron Dell without a rebound.
3:54 of 3rd period - Evgeni Malkin wins face-off versus Riley Nash in Boston Bruins zone.
4:24 of 3rd period - Slapshot by Brad Marchand.
4:24 of 3rd period - Stopped by Tristan Jarry without a rebound.
4:25 of 3rd period - Sidney Crosby wins face-off versus Tyler Seguin in Pittsburgh Penguins zone.
4:35 of 3rd period - Off-side.
4:36 of 3rd period - Ryan O'Reilly wins face-off versus Sidney Crosby in neutral zone.
5:35 of 3rd period - Wrist shot by David Pastrnak.
5:35 of 3rd period - Shot Misses the Net.
5:37 of 3rd period - Slapshot by Charlie McAvoy.
5:37 of 3rd period - Stopped by Tristan Jarry with a rebound.
6:56 of 3rd period - Snap shot by Evgeni Malkin.
6:56 of 3rd period - Deflect By Riley Nash.
6:56 of 3rd period - Goal by Evgeni Malkin - Boston Bruins : 3 - Pittsburgh Penguins : 5.
6:57 of 3rd period - Ryan O'Reilly wins face-off versus Sidney Crosby in neutral zone.
7:24 of 3rd period - Tyler Seguin is hit by Zach Aston-Reese and loses puck.
7:51 of 3rd period - Ryan Spooner is hit by Justin Schultz and loses puck.
8:29 of 3rd period - Sidney Crosby is hit by Ryan O'Reilly and loses puck.
8:48 of 3rd period - Snap shot by Brad Marchand.
8:48 of 3rd period - Goal by Brad Marchand - Boston Bruins : 4 - Pittsburgh Penguins : 5.
8:49 of 3rd period - Tyler Seguin wins face-off versus Evgeni Malkin in neutral zone.
9:04 of 3rd period - Wrist shot by Brad Marchand.
9:04 of 3rd period - Deflect By David Pastrnak.
9:04 of 3rd period - Deflect By Evgeni Malkin.
9:04 of 3rd period - Shot Blocked by Justin Schultz.
9:04 of 3rd period - Puck is out of play.
9:05 of 3rd period - Ryan O'Reilly wins face-off versus Sidney Crosby in Pittsburgh Penguins zone.
9:30 of 3rd period - Dominik Simon is hit by Niklas Hjalmarsson and loses puck.
9:49 of 3rd period - Wrist shot by Sidney Crosby.
9:49 of 3rd period - Stopped by Aaron Dell with a rebound.
10:09 of 3rd period - Slapshot by Ryan Donato.
10:09 of 3rd period - Stopped by Tristan Jarry without a rebound.
10:10 of 3rd period - Patric Hornqvist wins face-off versus Tyler Seguin in Pittsburgh Penguins zone.
10:10 of 3rd period - Patric Hornqvist is hit by Torey Krug.
10:20 of 3rd period - Wrist shot by Patric Hornqvist.
10:20 of 3rd period - Shot Misses the Net.
10:22 of 3rd period - Wrist shot by Evgeni Malkin.
10:22 of 3rd period - Deflect By Zach Aston-Reese.
10:22 of 3rd period - Shot Misses the Net.
10:22 of 3rd period - Puck is out of play.
10:23 of 3rd period - Ryan O'Reilly wins face-off versus Jake Guentzel in Boston Bruins zone.
10:50 of 3rd period - David Pastrnak is hit by Brian Dumoulin and loses puck.
10:55 of 3rd period - Snap shot by Evgeni Malkin.
10:55 of 3rd period - Shot Misses the Net.
11:49 of 3rd period - Slapshot by Will Butcher.
11:49 of 3rd period - Shot Misses the Net.
12:50 of 3rd period - Wrist shot by Ryan Spooner.
12:50 of 3rd period - Shot Misses the Net.
12:52 of 3rd period - Snap shot by Riley Nash.
12:52 of 3rd period - Deflect By Ryan Spooner.
12:52 of 3rd period - Stopped by Tristan Jarry with a rebound.
12:54 of 3rd period - Slapshot by Will Butcher.
12:54 of 3rd period - Stopped by Tristan Jarry with a rebound.
13:04 of 3rd period - Justin Schultz is hit by Will Butcher and loses puck.
13:11 of 3rd period - Slapshot by Tim Schaller.
13:11 of 3rd period - Stopped by Tristan Jarry with a rebound.
13:39 of 3rd period - Icing by Conor Sheary.
13:40 of 3rd period - Riley Nash wins face-off versus Sidney Crosby in Pittsburgh Penguins zone.
14:05 of 3rd period - Kris Letang is hit by Jonathan Marchessault.
14:34 of 3rd period - Icing by Brad Marchand.
14:35 of 3rd period - Jake Guentzel wins face-off versus Tyler Seguin in Boston Bruins zone.
14:38 of 3rd period - Snap shot by Jake Guentzel.
14:38 of 3rd period - Shot Blocked by Torey Krug.
14:40 of 3rd period - Snap shot by Tom Kuhnhackl.
14:40 of 3rd period - Stopped by Aaron Dell with a rebound.
14:58 of 3rd period - Snap shot by Jake Guentzel.
14:58 of 3rd period - Shot Misses the Net.
15:00 of 3rd period - Slapshot by Jake Guentzel.
15:00 of 3rd period - Stopped by Aaron Dell with a rebound.
16:12 of 3rd period - Wrist shot by Brad Marchand.
16:12 of 3rd period - Deflect By Tyler Seguin.
16:12 of 3rd period - Stopped by Tristan Jarry without a rebound.
16:13 of 3rd period - Barclay Goodrow wins face-off versus Riley Nash in Pittsburgh Penguins zone.
16:13 of 3rd period - Barclay Goodrow is hit by Riley Nash.
16:21 of 3rd period - Slapshot by Will Butcher.
16:21 of 3rd period - Shot Blocked by Greg McKegg.
16:23 of 3rd period - Slapshot by Ryan Donato.
16:23 of 3rd period - Stopped by Tristan Jarry with a rebound.
16:37 of 3rd period - Greg McKegg is hit by Antoine Roussel.
17:03 of 3rd period - Minor Penalty to Antoine Roussel for Holding.
17:04 of 3rd period - Derek MacKenzie wins face-off versus Evgeni Malkin in Boston Bruins zone.
17:04 of 3rd period - Derek MacKenzie is hit by Evgeni Malkin.
17:42 of 3rd period - Snap shot by Zach Aston-Reese.
17:42 of 3rd period - Goal by Zach Aston-Reese - Boston Bruins : 4 - Pittsburgh Penguins : 6.
17:43 of 3rd period - Barclay Goodrow wins face-off versus Riley Nash in neutral zone.
18:08 of 3rd period - Niklas Hjalmarsson is hit by Tom Kuhnhackl and loses puck.
18:27 of 3rd period - Backhand shot by Brad Marchand.
18:27 of 3rd period - Stopped by Tristan Jarry without a rebound.
18:28 of 3rd period - Sidney Crosby wins face-off versus Ryan O'Reilly in Pittsburgh Penguins zone.
19:16 of 3rd period - Ryan Donato is hit by Patric Hornqvist and loses puck.
Goals for this period are 1 for Boston Bruins vs 2 for Pittsburgh Penguins.
Shots for this period are 11 for Boston Bruins vs 8 for Pittsburgh Penguins.